 Dungeon Crawl Stone Soup version 0.29-a0-872-g797fff5ad1 (webtiles) character file.

Game seed: 12269017467405181652

27 porpoise the Caller (level 3, -3/27 HPs)
             Began as a Barachi Summoner on July 19, 2022.
             Slain by a goblin
             ... wielding a +0 dagger of speed
             ... led by Robin
              (4 damage)
             ... on level 2 of the Dungeon.
             The game lasted 00:04:12 (1598 turns).

porpoise the Caller (Barachi Summoner)              Turns: 1598, Time: 00:04:13

Health: -3/27      AC:  2    Str:  9    XL:     3   Next: 10%
Magic:  1/6        EV: 12    Int: 17    God:
Gold:   59         SH:  0    Dex: 12    Spells: 3/6 levels left

rFire   . . .      SeeInvis .   a - +0 dagger
rCold   . . .      Faith    .   (no shield)
rNeg    . . .      Spirit   .   c - +0 robe
rPois   .          Reflect  .   (no helmet)
rElec   .          Harm     .   (no cloak)
rCorr   .          Rampage  .   (no gloves)
Will    .....                   (no boots)
Stlth   ++........              (no amulet)
HPRegen 0.09/turn               (no ring)
MPRegen 0.10/turn               (no ring)

@: slow
A: amphibious, slowness 1, strong legs 1, +LOS
a: Hop


You were on level 2 of the Dungeon.
You visited 1 branch of the dungeon, and saw 2 of its levels.

You collected 59 gold pieces.

Inventory:

Hand Weapons
 a - a +0 dagger (weapon)
Missiles
 i - 5 boomerangs
Armour
 c - a +0 robe (worn)
Scrolls
 d - 2 scrolls of teleportation {unknown}
 h - a scroll of identify {unknown}
Potions
 b - a potion of magic
 e - a potion of brilliance {unknown}
 f - a potion of degeneration {unknown}
 g - 2 potions of heal wounds {unknown}


   Skills:
 + Level 2.1 Fighting
 - Level 2.1 Dodging
 - Level 1.7 Stealth
 - Level 2.1 Spellcasting
 + Level 5.4 Summonings


You had 3 spell levels left.
You knew the following spells:

 Your Spells              Type           Power      Damage    Failure   Level
a - Summon Small Mammal   Summ           80%        N/A       1%          1
b - Call Imp              Summ           20%        N/A       3%          2

Your spell library contained the following spells:

 Spells                   Type           Power      Damage    Failure   Level
 Call Canine Familiar     Summ           20%        N/A       6%          3
 Summon Guardian Golem    Hex/Summ       11%        N/A       19%         3
 Summon Lightning Spire   Summ/Air       11%        N/A       52%         4


Dungeon Overview and Level Annotations

Branches:
Dungeon (2/15)

Altars:

Annotations:
D:1 exclusion: downstairs
D:2 Natasha, Robin, Terence


Innate Abilities, Weirdness & Mutations

You are amphibious.
You cover ground slowly.
You can hop short distances.
You have an extended range of vision and can be seen from far away.


Message History

Your crimson imp hits the white imp.
The white imp barely misses you.
A goblin comes into view. It is wielding a +0 dagger.
Robin roars a battlecry!
The goblin goes into a battle-frenzy!
The bat closely misses you.
The goblin moves out of view.
Casting: Call Imp (safe; 3% risk of failure)
Confirm with . or Enter, or press ? or * to list all spells.
A metallic apparition takes form in the air.
Your crimson imp disappears in a puff of smoke!
The bat hits you.
* * * LOW HITPOINT WARNING * * *
Robin says, "A pitiful Frog like you will never find the ORB!"
The white imp barely misses you. The bat barely misses you.
You swap places.
The white imp attacks as you move away! The white imp closely misses you.
A goblin comes into view. It is wielding a +0 club.
The bat barely misses you. The bat hits you.
* * * LOW HITPOINT WARNING * * *
Your quokka misses the bat.
Natasha claws your iron imp but does no damage.
The white imp gestures at you. The puff of frost misses you.
Natasha stares at you and mumbles some strange words.
Your iron imp seems to slow down.
The bat barely misses your quokka. The bat hits you but does no damage.
The bat hits your iron imp but does no damage.
The white imp gestures at you. The puff of frost hits your iron imp.
Your iron imp resists.
Your iron imp hits the white imp.
The bat barely misses you. Natasha closely misses your iron imp.
The bat attacks as you move away! The bat closely misses you.
The bat hits your quokka but does no damage.
The bat hits you.
* * * LOW HITPOINT WARNING * * *
Robin throws the goblin at you! Something claws your iron imp.
Your iron imp barely misses the white imp.
Your quokka bites the bat.
Robin completely misses your quokka.
The goblin hits you with a +0 dagger of speed.
You die...

#...########## ###+
#........#.... #...
#...####.#.### #... #...#
#.#.#.† #... #...#
#.#.#.# #... ##...#
#.#.#.# # ... #.h..#
#.#.#.#
####.#.########.###5.b.#
#.#.#.#
...............g@br5...#
#.#.#.. <....#
........###g##...##.#.###
###### ########
#.##...##.#.... ...
...##.##### ##g#...##.# #
g. ..##.# # .....##.#####
g.. #...... ... #######


You could see Robin, a white imp (summoned, ally target), a goblin (strong), 2
bats, a friendly iron imp (summoned, slow) and a friendly quokka (summoned).

Vanquished Creatures
  An endoplasm (D:1)
  A hobgoblin (D:1)
  4 ball pythons (D:1)
  A bat (D:2)
  A rat (D:1)
8 creatures vanquished.

Vanquished Creatures (collateral kills)
  A bat (D:1)
  3 endoplasms (D:1)
  A giant cockroach (D:1)
  3 goblins (D:1)
  A hobgoblin (D:1)
  5 kobolds
  2 frilled lizards (D:1)
  2 rats (D:1)
18 creatures vanquished.

Grand Total: 26 creatures vanquished

Notes
Turn   | Place    | Note
-------+----------+-------------------------------------------
     0 | D:1      | porpoise the Barachi Summoner began the quest for the Orb.
     0 | D:1      | Reached XP level 1. HP: 13/13 MP: 3/3
   263 | D:1      | Reached skill level 5 in Summonings
   269 | D:1      | Reached skill level 1 in Fighting
   334 | D:1      | Reached XP level 2. HP: 16/21 MP: 1/5
   392 | D:1      | Learned a level 2 spell: Call Imp
  1169 | D:1      | Reached XP level 3. HP: 27/27 MP: 3/6
  1441 | D:2      | Noticed Terence
  1585 | D:2      | Noticed Natasha
  1594 | D:2      | Noticed Robin
  1598 | D:2      | HP: 1/27 [bat (1)]
  1598 | D:2      | Slain by a goblin

Illustrated notes

Levels and vault maps discovered:
D:1:      amcnicky_arrival_underground_garden, layout_basic
D:2:      layout_basic, basic_ecumenical_altar, basic_altar, uniq_terence,
          uniq_natasha, uniq_jessica, uniq_robin

Skill      XL: |  1  2 |
---------------+-------+-----
Summonings     | 5 |  5.4
Fighting       | 1 2 |  2.1
Dodging        | |  2.1
Stealth        | |  1.7
Spellcasting   | |  2.1

Action                   || total
-------------------------++-------
Melee: Dagger            ||    40
       Unarmed           ||     3
 Cast: Summon Small Mamm ||    16
       Call Imp          ||     6
 Stab: Sleeping          ||     1
Armor: Robe              ||    12
Dodge: Dodged            ||    42

Table legend: (Time is in decaauts)
 A = Elapsed time spent in this place.
 B = Non-inter-level travel time spent in this place.
 C = Inter-level travel time spent in this place.
 D = Time resting spent in this place.
 E = Time spent auto-exploring this place.
 F = Levels seen in this place.
 G = Mean time per level.
                   A        B        C        D        E       F      G
               +--------+--------+--------+--------+--------+-----+--------+
         Total |   1731 |   1660 |     71 |    648 |    780 |   2 |  865.5 |
       Dungeon |   1731 |   1660 |     71 |    648 |    780 |   2 |  865.5 |
               +--------+--------+--------+--------+--------+-----+--------+

Top non-repeatable levels by time:
     D:1: 1601 daAuts
     D:2: 130 daAuts
